 Dungeon Crawl Stone Soup version 0.27-a0-1334-g2746e35aca (webtiles) character file.

Game seed: 14489938019240388228

44 spiderkeys the Skirmisher (level 3, -3/26 HPs)
             Began as an Octopode Abyssal Knight on June 26, 2021.
             Was a Follower of Lugonu.
             Slain by Sigmund (8 damage)
             ... on level 1 of the Dungeon.
             The game lasted 00:01:12 (1302 turns).

spiderkeys the Skirmisher (Octopode Abyssal Knight) Turns: 1302, Time: 00:01:13

Health: -3/26      AC:  1    Str: 12    XL:     3   Next: 60%
Magic:  4/4        EV: 13    Int: 14    God:    Lugonu [*.....]
Gold:   45         SH:  0    Dex: 11    Spells: 2/2 levels left

rFire    . . .     SeeInvis .   a - +1 spear
rCold    . . .     Faith    .   (no shield)
rNeg     . . .     Spirit   .   (helmet restricted)
rPois    .         Reflect  .   (no amulet)
rElec    .         Harm     .   (no ring)
rCorr    .         Rampage  .   (no ring)
Will     .....                  (no ring)
Stlth    ++........             (no ring)
HPRegen  0.08/turn              (no ring)
MPRegen  0.09/turn              (no ring)
                                (no ring)
                                (no ring)

@: about to teleport
A: almost no armour, amphibious, 8 rings, camouflage 1, gelatinous body 1,
(nimble swimmer 1), tentacles
a: Renounce Religion, Depart the Abyss


You were on level 1 of the Dungeon.
You worshipped Lugonu.
Lugonu was aware of your devotion.
You visited 1 branch of the dungeon, and saw 2 of its levels.
You visited the Abyss 1 time.

You collected 45 gold pieces.


Innate Abilities, Weirdness & Mutations

You cannot wear most types of armour.
You are amphibious.
You can wear up to eight rings at the same time.
Your skin changes colour to match your surroundings (Stealth+).
Your rubbery body absorbs attacks. (AC +1, EV +1)
((You are camouflaged near water. (Stealth+)))
You have tentacles for arms and can constrict up to eight enemies at once.


   Skills:
 + Level 3.4 Fighting
 + Level 2.5 Polearms
 + Level 2.9 Dodging
 + Level 2.6 Invocations


You had 2 spell levels left.
You didn't know any spells.
Your spell library was empty.

Inventory:

Hand Weapons
 a - a +1 spear (weapon)
Missiles
 c - 59 arrows
 d - 5 curare-tipped darts {=f}
Scrolls
 b - 5 scrolls of identify {@r1}

Dungeon Overview and Level Annotations

Branches:
Dungeon (2/15)

Altars:
Okawaru

Annotations:
D:1 Sigmund

#.# #.# #.# ##'##
#.# ##...## #.#
##.....# ##.##
##.......
##...####........
#................
####...............
#.@@.....#.#.......
#g##..##.#.##.>...#
#.##..##.#.###...##
#.##.....#.# ##'##
#.###......# #.#
#........### #.#
#######.## ##.##
#.# ##...## #.#
#......


You could see Sigmund and a hobgoblin.


Message History

No target in view!
No target in view!
No target in view!
b - 6 scrolls labelled WIFROWKITO (gained 3) Key pressed, stopping explore.
You now have 30 gold pieces (gained 13).
You now have 39 gold pieces (gained 9).
Key pressed, stopping explore.
There is an open door here.
A kobold comes into view. It is wielding a +0 dagger.
The kobold shouts!
The kobold hits you with a +0 dagger. 😕 HP[-1]
You take 1 damage, and now have 25/26 hp.
You hit the kobold but do no damage. You grab the kobold.
You constrict the kobold.
The kobold hits you with a +0 dagger. 😕 HP[-1]
You take 1 damage, and now have 24/26 hp.
You hit the kobold.
You kill the kobold!
Lugonu accepts your kill.
No target in view!
You now have 45 gold pieces (gained 6).
Key pressed, stopping explore.
You see here a +0 dagger.
You see here a +0 dagger.
Key pressed, stopping explore.
A dart slug comes into view. 😎 HP[+2]
Your hp is fully restored (26).
You reach to attack!
You hit the dart slug. You hit the dart slug. You grab the dart slug.
You squeeze the dart slug.
You kill the dart slug!
Lugonu accepts your kill.
No target in view!
No target in view!
Key pressed, stopping explore.
e - a scroll labelled HONEPA FUYWIGG Done exploring.
Done exploring.
Done exploring.
As you read the scroll labelled WIFROWKITO, it crumbles to dust.
It is a scroll of identify.
e - a scroll of teleportation
There is an open door here.
There is an open door here.
There is an open door here.
There is an escape hatch in the floor here.
There is a stone staircase leading down here.
You climb downwards.
A goblin, a hobgoblin and Sigmund come into view.
The goblin shouts!
Sigmund shouts!
The hobgoblin shouts!
Found 9 gold pieces and a notched golden ring.
Found an iron altar of Okawaru.
Found a stone staircase leading down.
There is a stone staircase leading up here.
You reach to attack!
You hit Sigmund but do no damage.
You reach to attack!
You hit Sigmund.
Sigmund hits you from afar with a +0 scythe! 😮 HP[-9]
You take 9 damage, and now have 17/26 hp.
MASSIVE DAMAGE!! (PAUSE) Sigmund barely misses you.
You climb upwards.
There is a stone staircase leading down here. 😮 HP[+1]
You start resting. 😎 HP[+8]
Your hp is fully restored (26).
You climb downwards.
Level annotation: Sigmund The rat bites you.
The hobgoblin misses you.
Sigmund points at you and mumbles some strange words.
The puff of flame misses you. Sigmund hits you with a +0 scythe!
The rat bites you but does no damage. The hobgoblin barely misses you.
There is a stone staircase leading up here. 😮 HP[-12]
You take 12 damage, and now have 14/26 hp.
MASSIVE DAMAGE!! (PAUSE) Sigmund hits you with a +0 scythe.
* * * LOW HITPOINT WARNING * * *
The rat closely misses you. The hobgoblin barely misses you.
You climb upwards.
There is a stone staircase leading down here. 😨 HP[-6]
You take 6 damage, and now have 8/26 hp.
MASSIVE DAMAGE!! (PAUSE)
Okay, then.
Okay, then.
As you read the scroll of teleportation {@r4}, it crumbles to dust.
You feel strangely unstable. Sigmund hits you with a +0 scythe.
* * * LOW HITPOINT WARNING * * *
The rat closely misses you.
The hobgoblin barely misses you. 😱 HP[-3]
You take 3 damage, and now have 5/26 hp.
You hit the rat.
You kill the rat!
Lugonu accepts your kill. Sigmund hits you with a +0 scythe!
You die...

Action                   || total
-------------------------++-------
Melee: Spear             ||    35
       Tentacles         ||     4
       Constrict         ||     9
  Use: Scroll            ||     2
 Stab: Sleeping          ||     2
Armor: Skin              ||     5
Dodge: Dodged            ||    16

Levels and vault maps discovered:
D:1:      wander_arrival_lonely_grave, layout_loops_corners,
          hangedman_decor_push, minmay_crystal_room, lemuel_old_faithful
D:2:      layout_rooms, serial_shops, shop_fountains, basic_altar, uniq_sigmund,
          uniq_crazy_yiuf_cottage

Notes
Turn   | Place    | Note
-------+----------+-------------------------------------------
     0 | Abyss:1  | spiderkeys the Octopode Abyssal Knight began the quest for
                  | the Orb.
     0 | Abyss:1  | Reached XP level 1. HP: 16/16 MP: 2/2
     0 | Abyss:1  | magus.rc [v1.9.10]
    47 | Abyss:1  | Found a shimmering blue altar of Sif Muna.
    56 | Abyss:1  | Noticed a smoke demon
    64 | Abyss:1  | Noticed an iron imp
    69 | Abyss:1  | Found a shimmering blue altar of Sif Muna.
    78 | Abyss:1  | Killed an iron imp
    79 | Abyss:1  | Reached XP level 2. HP: 7/21 MP: 3/3
    79 | Abyss:1  | Reached XP level 3. HP: 9/26 MP: 4/4
    80 | Abyss:1  | Noticed a thrashing horror
    82 | D:1      | You pass through the gate.
    82 | D:1      | Escaped the Abyss
  1193 | D:2      | Found an iron altar of Okawaru.
  1193 | D:2      | Noticed Sigmund
  1301 | D:1      | HP: 5/26 [Sigmund (3)]
  1302 | D:1      | Slain by Sigmund

Vanquished Creatures
  An iron imp (Abyss:1)
  A dart slug (D:1)
  2 bats (D:1)
  An endoplasm (D:1)
  2 hobgoblins (D:1)
  A kobold (D:1)
  3 ball pythons (D:1)
  A frilled lizard (D:1)
  3 rats (D:1)
15 creatures vanquished.

Table legend:
 A = Non-vault XP
 B = Vault XP
 C = Vault XP percentage of total XP
 D = Non-vault monster count
 E = Vault monster count
 F = Vault count percentage of total count
                 A         B        C        D         E       F
            +---------+---------+-------+---------+---------+-------
      Total |      64 |       0 |   0.0 |      15 |       0 |   0.0
            +---------+---------+-------+---------+---------+-------
        D:1 |      24 |       0 |   0.0 |      14 |       0 |   0.0
    Abyss:1 |      40 |       0 |   0.0 |       1 |       0 |   0.0
            +---------+---------+-------+---------+---------+-------

Illustrated notes

Table legend:
 A = Kills in this place as a percentage of kills in entire the game.
 B = Kills by you in this place as a percentage of kills by you in the entire game.
 C = Kills by friends in this place as a percentage of kills by friends in the entire game.
 D = Other kills in this place as a percentage of other kills in the entire game.
 E = Experience gained in this place as a percentage of experience gained in the entire game.
 F = Experience gained in this place divided by the number of levels of this place that you have seen.
                   A       B       C       D       E      F
               +-------+-------+-------+-------+-------+----------------------
         Total | 100.0 | 100.0 |   N/A |   N/A | 100.0 |  21.3
       Dungeon |  93.3 |  93.3 |   N/A |   N/A |  37.5 |  12.0
         Abyss |   6.7 |   6.7 |   N/A |   N/A |  62.5 |  40.0
               +-------+-------+-------+-------+-------+----------------------

Table legend: (Time is in decaauts)
 A = Elapsed time spent in this place.
 B = Non-inter-level travel time spent in this place.
 C = Inter-level travel time spent in this place.
 D = Time resting spent in this place.
 E = Time spent auto-exploring this place.
 F = Levels seen in this place.
 G = Mean time per level.
                   A        B        C        D        E       F      G
               +--------+--------+--------+--------+--------+-----+--------+
         Total |   1302 |   1235 |     67 |     99 |   1035 |   3 |  434.0 |
       Dungeon |   1220 |   1153 |     67 |     99 |    978 |   2 |  610.0 |
         Abyss |     82 |     82 |      0 |      0 |     57 |   1 |   82.0 |
               +--------+--------+--------+--------+--------+-----+--------+

Top non-repeatable levels by time:
     D:1: 1214 daAuts
 Abyss:1: 82 daAuts
     D:2: 6 daAuts
